 Dungeon Crawl Stone Soup version 0.23.1 (webtiles) character file.

Game seed: 4954082613432658960

2041 Xenon25 the Grappler (level 9, -2/78 (80) HPs)
             Began as a Troll Berserker on Mar 13, 2019.
             Was an Elder of Trog.
             Slain by a killer bee (5 damage)
             ... on level 7 of the Dungeon.
             The game lasted 00:06:20 (4298 turns).

Xenon25 the Grappler (Troll Berserker)              Turns: 4298, Time: 00:06:23

HP:   -2/78 (80)    AC:  6    Str: 30    XL:     9   Next: 4%
MP:   8/8           EV: 10    Int:  3    God:    Trog [****..]
Gold: 415           SH:  0    Dex:  9    Spells: 8/8 levels left

rFire    . . .     SeeInvis .     - Unarmed
rCold    . . .     Gourm    +   (no shield)
rNeg     . . .     Faith    .   l - +0 robe (curse)
rPois    .         Spirit   .   (helmet restricted)
rElec    .         Reflect  .   (no cloak)
rCorr    .         Harm     .   (gloves unavailable)
MR       .....                  (boots unavailable)
Stlth    +.........             (no amulet)
HPRegen  0.63/turn              (no ring)
MPRegen  0.11/turn              (no ring)

@: confused, lethally poisoned (-2 -> -15), berserk cooldown, slowed, very slow
A: large, unfitting armour, claws 3, fast metabolism 3, gourmand, regeneration
1, shaggy fur 1, tough skin 3
a: Berserk, Trog's Hand, Brothers in Arms, Renounce Religion


You were on level 7 of the Dungeon.
You worshipped Trog.
Trog was greatly pleased with you.
You were full.

You visited 1 branch of the dungeon, and saw 7 of its levels.

You collected 415 gold pieces.

Inventory:

Armour
 a - a +0 animal skin
 l - a cursed +0 robe (worn)
Jewellery
 j - an uncursed ring of protection from magic {unknown}
Wands
 k - a wand of polymorph (11)
 r - a wand of enslavement (8)
Scrolls
 g - 4 scrolls of enchant weapon {unknown}
 h - 11 scrolls of identify {unknown}
 i - a scroll of enchant armour {unknown}
 n - a scroll of magic mapping {unknown}
 s - a scroll of amnesia {unknown}
 u - 2 scrolls of remove curse {unknown}
 v - a scroll of teleportation {unknown}
Potions
 c - a potion of heal wounds {unknown}
 d - 2 potions of invisibility {unknown}
 e - 2 potions of degeneration {unknown}
 f - a potion of resistance {unknown}
 m - 2 potions of curing {unknown}
 o - a potion of mutation {unknown}
 p - 3 potions of berserk rage {unknown}
 q - a potion of brilliance {unknown}
 t - a potion of flight {unknown}
 w - a potion of haste {unknown}
 x - a potion of might {unknown}
Comestibles
 b - 13 rations


   Skills:
 - Level 2.4 Fighting
 - Level 2.4 Dodging
 + Level 1.9 Stealth
 + Level 11.5 Unarmed Combat


You had 8 spell levels left.
You didn't know any spells.
Your spell library was empty.

Dungeon Overview and Level Annotations

Branches:
Dungeon (7/15)
 Temple: D:4-7

Altars:
Ashenzari
Fedhas
Kikubaaqudgha
Okawaru
Sif Muna
Xom
The Shining One


Innate Abilities, Weirdness & Mutations

You are too large for most types of armour.
You have claws for hands.
Your metabolism is lightning-fast.
You like to eat raw meat.
Your natural rate of healing is unusually fast.
You are covered in fur. (AC +1)
You have extremely tough skin. (AC +3)


Message History

You are more poisoned.
The killer bee poisons you! The hound bites you but does no damage.
You completely miss the killer bee.
* * * LOW HITPOINT WARNING * * *
You feel sick.
The killer bee stings you but does no damage.
The hound barely misses you.
* * * LOW HITPOINT WARNING * * *
You feel sick. The killer bee barely misses you.
You miss something.
* * * LOW HITPOINT WARNING * * *
You feel sick. The killer bee closely misses you. The hound misses you.
The killer bee closely misses you.
You bump into the stone wall.
You are no longer berserk.
You are exhausted.
You feel yourself slow down.
* * * LOW HITPOINT WARNING * * *
You feel sick. The killer bee stings you.
You die...

## ## #### .. ..
.... ##.##. ... #
.#...#.##.##.#
.......#...#.## #.
..........?..
#.##.#..#{..#
..... #@y†##.#
##...##.h....#
.#...#..#.##.##.#
...........#.##.#
#...#.......##.#
#.##.##.#...#.##.#
#.......##.##.##.#
#.#####.......##.#
###.######.#


You could see a hound and a killer bee.

Vanquished Creatures
  Sigmund (D:2)
  A phantom (D:5)
  An ice beast (D:5)
  A necrophage (D:5)
  2 ogres
  2 centaurs
  A gnoll sergeant (D:6)
  2 bullfrogs (D:6)
  3 killer bees (D:7)
  2 scorpions
  A crimson imp (D:5)
  A quasit (D:5)
  2 orc priests
  A centaur skeleton (D:2)
  A hound (D:5)
  A jelly (D:6)
  3 orc wizards
  2 iguanas (D:5)
  Natasha (twice) (D:4)
  7 worker ants
  A hound zombie (D:5)
  Robin (D:3)
  2 howler monkey zombies
  8 adders
  8 gnolls
  A shadow imp (D:6)
  2 worms
  2 dart slugs
  11 leopard geckos
  12 orcs
  3 bats (D:2)
  5 giant cockroaches
  16 goblins
  7 hobgoblins
  9 jackals
  6 kobolds
  7 quokkas
  A ball python (D:1)
  4 frilled lizards
  2 leopard gecko skeletons (D:4)
  7 rats (D:1)
152 creatures vanquished.

Notes
Turn   | Place    | Note
-------+----------+-------------------------------------------
     0 | D:1      | Xenon25 the Troll Berserker began the quest for the Orb.
     0 | D:1      | Reached XP level 1. HP: 22/22 MP: 0/0
   124 | D:1      | Reached XP level 2. HP: 29/29 MP: 1/1
   167 | D:1      | Reached skill level 4 in Unarmed Combat
   236 | D:1      | Reached XP level 3. HP: 35/36 MP: 2/2
   738 | D:2      | Reached ** piety under Trog
   741 | D:2      | Noticed Sigmund
   755 | D:2      | Killed Sigmund
   755 | D:2      | Reached skill level 6 in Unarmed Combat
   755 | D:2      | Reached XP level 4. HP: 32/44 MP: 3/3
   755 | D:2      | Reached XP level 5. HP: 36/50 MP: 4/4
   807 | D:2      | Found an ancient bone altar of Kikubaaqudgha.
  1194 | D:3      | Noticed Robin
  1208 | D:3      | Killed Robin
  1208 | D:3      | Reached XP level 6. HP: 59/59 MP: 5/5
  1278 | D:3      | Reached skill level 7 in Unarmed Combat
  1306 | D:3      | Reached *** piety under Trog
  1883 | D:4      | Found a blossoming altar of Fedhas.
  1947 | D:4      | Reached XP level 7. HP: 57/66 MP: 6/6
  1991 | D:4      | Reached skill level 1 in Stealth
  2039 | D:4      | Reached skill level 8 in Unarmed Combat
  2122 | D:4      | Found a shattered altar of Ashenzari.
  2125 | D:4      | Found a glowing golden altar of the Shining One.
  2126 | D:4      | Found a deep blue altar of Sif Muna.
  2247 | D:4      | Noticed Natasha
  2250 | D:4      | Killed Natasha
  2408 | D:4      | Noticed Natasha
  2413 | D:4      | Killed Natasha
  2573 | D:5      | Entered Level 5 of the Dungeon
  2660 | D:5      | Reached skill level 9 in Unarmed Combat
  2698 | D:5      | Reached XP level 8. HP: 72/72 MP: 7/7
  3033 | D:5      | Reached skill level 10 in Unarmed Combat
  3161 | D:5      | Found an iron altar of Okawaru.
  3463 | D:6      | Found a shimmering altar of Xom.
  3465 | D:6      | Reached **** piety under Trog
  3872 | D:6      | Reached skill level 11 in Unarmed Combat
  4285 | D:7      | Reached XP level 9. HP: 52/78 MP: 8/8
  4298 | D:7      | HP: 3/78 [poisoned by a killer bee]
  4298 | D:7      | Slain by a killer bee

Skill      XL: |  1  2  3  4  5  6  7  8 |
---------------+-------------------------+-----
Unarmed Combat | 4 6 7 9 11 | 11.5
Stealth        | 1 |  1.9
Fighting       | |  2.4
Dodging        | |  2.4

Action                   |  1- 3 |  4- 6 |  7- 9 || total
-------------------------+-------+-------+-------++-------
Melee: Unarmed           |    85 |   105 |   205 ||   395
       Punch             |     1 |     1 |     4 ||     6
Invok: Berserk           |     1 |     1 |     2 ||     4
       Trog's Hand       |       |     2 |     5 ||     7
 Stab: Sleeping          |       |     2 |       ||     2
  Eat: Chunk             |    11 |    13 |    25 ||    49
Armor: Animal skin       |    25 |       |       ||    25
       Robe              |     5 |    39 |    73 ||   117
Dodge: Dodged            |    31 |    52 |   126 ||   209
